 Seeded DCSS version 0.25.1-8-g42b30a86e7 (webtiles) character file.

Game seed: 20201210 (custom seed)

6110 radhat240 the Cleaver (level 10, -5/89 HPs)
             Began as a Minotaur Fighter on Dec 10, 2020.
             Was a Priest of Trog.
             Slain by an orc knight
             ... wielding a +0 war axe
              (8 damage)
             ... in a bailey.
             The game lasted 00:33:34 (6873 turns).

radhat240 the Cleaver (Minotaur Fighter)            Turns: 6873, Time: 00:33:34

Health: -5/89      AC: 14    Str: 30    XL:     10   Next: 58%
Magic:  9/9        EV:  7    Int:  5    God:    Trog [***...]
Gold:   366        SH: 14    Dex: 10    Spells: 9/9 levels left

rFire    + . .     SeeInvis .   s - +2 war axe (vamp)
rCold    . . .     Gourm    .   c - +2 kite shield
rNeg     . . .     Faith    .   p - +0 plate armour
rPois    .         Spirit   .   (helmet restricted)
rElec    .         Reflect  .   (no cloak)
rCorr    .         Harm     .   j - +0 pair of gloves
MR       .....                  (no boots)
Stlth    ..........             e - amulet of regeneration
HPRegen  0.64/turn              m - ring of protection from fire
MPRegen  0.11/turn              h - +6 ring of strength

@: very slightly contaminated, drained
A: retaliatory headbutt, horns 2
a: Berserk, Trog's Hand, Renounce Religion


You were in a bailey.
You worshipped Trog.
Trog was most pleased with you.
You were not hungry.

You visited 2 branches of the dungeon, and saw 9 of its levels.
You also visited: Sewer and Bailey.

You collected 366 gold pieces.

Inventory:

Hand Weapons
 a - a +1 war axe
 s - a +2 vampiric war axe (weapon)
 x - a +1 war axe of flaming
Armour
 b - a +0 scale mail
 c - a +2 kite shield (worn)
 j - a +0 pair of gloves (worn)
 p - a +0 plate armour (worn)
Jewellery
 e - an amulet of regeneration (around neck)
 h - a +6 ring of strength (right hand)
 i - an uncursed amulet of faith {unknown}
 m - a ring of protection from fire (left hand)
Scrolls
 g - 4 scrolls of amnesia
 k - 4 scrolls of remove curse
 l - a scroll of magic mapping
 n - 2 scrolls of enchant armour
 q - 5 scrolls of teleportation
 w - 2 scrolls of identify
Potions
 d - 2 potions of might
 o - a potion of ambrosia
 t - a potion of magic
 v - a potion of haste
Comestibles
 f - 22 rations
 z - 8 chunks of flesh


   Skills:
 + Level 8.3(7.2) Fighting
 + Level 12.1(10.8) Axes
 + Level 8.9(7.8) Armour
 + Level 1.8(0.9) Dodging
 + Level 1.6(0.6) Stealth
 + Level 10.1(9.0) Shields


You had 9 spell levels left.
You didn't know any spells.
Your spell library contained the following spells:

 Spells                   Type           Power        Failure   Level  Hunger
 Animate Skeleton         Necr           N/A          100%        1    ##.....
 Apportation              Tloc           #.....       100%        1    ##.....
 Corona                   Hex            #......      100%        1    ##.....
 Summon Small Mammal      Summ           #...         100%        1    ##.....


Dungeon Overview and Level Annotations

Branches:
Dungeon (8/15)             Temple (1/1) D:6           Sewer (visited)
 Bailey (1/1)
   Lair: D:8-11

Altars:
Ashenzari
Dithmenos
Elyvilon
Fedhas
Gozag
Hepliaklqana
Kikubaaqudgha
Makhleb
Nemelex Xobeh
Okawaru
Qazlal
Ru
Sif Muna
Trog
Uskayaw
Vehumet
Wu Jian
Xom
Yredelemnul
Zin
The Shining One


Innate Abilities, Weirdness & Mutations

You reflexively headbutt those who attack you in melee.
You have a pair of horns on your head.


Message History

The orc knight hits you but does no damage.
You closely miss the orc knight.
You headbutt the orc knight, but do no damage.
The orc knight is moderately wounded.
You completely miss the orc warrior.
The orc warrior hits you with a cursed +0 war axe!!
* * * LOW HITPOINT WARNING * * *
You block the orc knight's attack.
You barely miss the orc knight.
The orc knight is moderately wounded.
You slash the orc warrior! You block the orc warrior's attack.
You slash the orc knight!
The orc knight is heavily wounded.
You hit the orc warrior but do no damage.
The orc knight hits you with a +0 war axe!
* * * LOW HITPOINT WARNING * * *
The orc warrior barely misses you. You furiously retaliate!
You headbutt the orc warrior!
The orc knight hits you with a +0 war axe!
You die...

### ### ###.### ###.###
###.....### ###.....###
##.........###.........##
#..........)#..o........#
#...........).@o........#
#.....⌠.....#.....⌠.....#
#...........#...........#
#....g......#...........#
###)).......###.......).###
##.#'#.....###.###.....#)#.###
.....###.###
...###.###))...### .......###
.....###........!## ........#
.....##8.o......??#


You could see an orc knight and an orc warrior (strong).

Vanquished Creatures
  Harold (D:7)
  2 two-headed ogres (D:8)
  Pikel (D:5)
  An orc knight (Bailey)
  Joseph (D:8)
  A hippogriff (D:7)
  2 ice beasts
  8 orc warriors
  A slave (D:5)
  A black bear (D:7)
  2 ogres
  2 centaurs
  2 bullfrogs
  4 killer bees (D:6)
  5 crimson imps
  A jelly (D:5)
  A quasit (D:7)
  4 orc wizards
  2 hounds (D:5)
  2 orc priests
  A bullfrog skeleton (D:5)
  3 iguanas
  6 worker ants
  9 gnolls
  9 adders
  A shadow imp (D:7)
  An ooze (D:2)
  2 adder skeletons
  5 worms
  4 dart slugs
  6 leopard geckos
  30 orcs
  6 ball pythons (Sewer)
  8 giant cockroaches
  19 goblins
  30 hobgoblins
  8 jackals
  6 bats (D:1)
  8 frilled lizards
  13 kobolds
  A leopard gecko skeleton (D:5)
  12 rats
  15 plants (Sewer)
247 creatures vanquished.

Notes
Turn   | Place    | Note
-------+----------+-------------------------------------------
     0 | D:1      | radhat240 the Minotaur Fighter began the quest for the Orb.
     0 | D:1      | Reached XP level 1. HP: 19/19 MP: 0/0
   190 | D:1      | Reached XP level 2. HP: 22/27 MP: 1/1
   261 | D:1      | Reached XP level 3. HP: 28/33 MP: 2/2
   658 | D:2      | Reached skill level 3 in Axes
   807 | D:2      | Reached XP level 4. HP: 40/40 MP: 3/3
  1150 | D:2      | Found a radiant altar of Vehumet.
  1151 | D:2      | Found a basalt altar of Yredelemnul.
  1152 | D:2      | Found a shadowy altar of Dithmenos.
  1661 | D:3      | Reached skill level 4 in Axes
  1664 | D:3      | Reached XP level 5. HP: 47/47 MP: 4/4
  2157 | D:4      | Found a bloodstained altar of Trog.
  2157 | D:4      | Noticed a moth of wrath
  2191 | D:4      | Became a worshipper of Trog the Wrathful
  2307 | D:4      | Reached skill level 5 in Shields
  2756 | D:5      | Entered Level 5 of the Dungeon
  2864 | D:5      | Reached skill level 1 in Dodging
  2864 | D:5      | Reached XP level 6. HP: 34/53 MP: 5/5
  2867 | D:5      | Reached skill level 5 in Armour
  2922 | D:5      | Reached skill level 5 in Axes
  3015 | D:5      | Noticed an ice beast
  3021 | D:5      | Killed an ice beast
  3114 | D:5      | Reached skill level 6 in Axes
  3144 | D:5      | Reached XP level 7. HP: 60/60 MP: 6/6
  3152 | D:5      | Reached * piety under Trog
  3365 | D:5      | Noticed Pikel
  3407 | D:5      | Killed Pikel
  3407 | D:5      | Reached skill level 5 in Fighting
  3407 | D:5      | Reached skill level 7 in Axes
  3407 | D:5      | Reached XP level 8. HP: 54/68 MP: 7/7
  3623 | D:6      | Found a staircase to the Ecumenical Temple.
  3648 | D:6      | Found a glowing drain.
  3705 | Sewer    | Entered a sewer
  4402 | D:6      | Reached skill level 8 in Axes
  4456 | Temple   | Entered the Ecumenical Temple
  4774 | D:6      | Found an ancient bone altar of Kikubaaqudgha.
  4801 | D:6      | Reached skill level 1 in Stealth
  4849 | D:6      | Found a shattered altar of Ashenzari.
  4954 | D:6      | Reached ** piety under Trog
  5283 | D:7      | Noticed Harold
  5298 | D:7      | Noticed a hippogriff
  5306 | D:7      | Killed Harold
  5306 | D:7      | Reached skill level 9 in Axes
  5306 | D:7      | Reached XP level 9. HP: 32/77 MP: 8/8
  5626 | D:7      | Reached skill level 10 in Axes
  5714 | D:7      | Found a sacrificial altar of Ru.
  5731 | D:7      | Found a white marble altar of Elyvilon.
  6440 | D:8      | Noticed Joseph
  6455 | D:8      | Killed Joseph
  6539 | D:8      | Found a flagged portal.
  6540 | D:8      | Noticed a two-headed ogre
  6541 | D:8      | Noticed a two-headed ogre
  6558 | D:8      | Killed a two-headed ogre
  6558 | D:8      | Reached skill level 11 in Axes
  6558 | D:8      | Reached XP level 10. HP: 63/86 MP: 9/9
  6566 | D:8      | Killed a two-headed ogre
  6596 | Bailey   | Entered a bailey
  6653 | Bailey   | Reached *** piety under Trog
  6778 | Bailey   | Noticed an orc knight
  6778 | Bailey   | Noticed an orc warlord
  6778 | Bailey   | Noticed an orc knight
  6817 | Bailey   | Reached skill level 10 in Shields
  6823 | Bailey   | Killed an orc knight
  6825 | Bailey   | Reached skill level 12 in Axes
  6871 | Bailey   | HP: 2/89 [orc knight/+0 war axe (10)]
  6873 | Bailey   | Slain by an orc knight

Illustrated notes

Levels and vault maps discovered:
D:1:      dpeg_arrival_snail, layout_basic
D:2:      layout_basic, chequers_temple_overflow_statue_of_worship,
          minmay_hedge_maze, minmay_misc_feat_five
D:3:      layout_basic
D:4:      layout_loops_ring, tgw_trog, first_ration, minmay_distorted
D:5:      layout_basic, kennysheep_nub, minmay_fractal_squares_diagonal_5,
          uniq_pikel
D:6:      layout_loops_ring, kennysheep_mini_moat,
          minmay_temple_entry_overgrown, gup_sewer_entry_glass,
          cheibrodos_ashenzari_chains
D:7:      layout_layer_cave, nicolae_overflow_crystal_walls,
          lemuel_doored_altar, uniq_harold
D:8:      layout_rooms, enter_bailey_6, uniq_joseph
Temple:   eino_narrow_crystal_temple
Bailey:   bailey_axe_minmay_hex_keep, bailey

Skill      XL: |  1  2  3  4  5  6  7  8  9 10 |
---------------+-------------------------------+-----
Shields        | 4 5 6 8 9 10 | 10.1
Fighting       | 4 5 6 7 8 |  8.3
Armour         | 4 5 6 7 8 |  8.9
Axes           | 3 4 6 7 9 11 12 | 12.1
Dodging        | 1 |  1.8
Stealth        | 1 |  1.6

Action                   |  1- 3 |  4- 6 |  7- 9 | 10-12 || total
-------------------------+-------+-------+-------+-------++-------
Melee: War axe           |    82 |   149 |   346 |   107 ||   684
       Headbutt          |    20 |    20 |    81 |    24 ||   145
  Use: Scroll            |     3 |     5 |     4 |     4 ||    16
       Potion            |     2 |     1 |     2 |     2 ||     7
  Eat: Chunk             |       |     7 |    10 |       ||    17
       Ration            |       |       |     1 |       ||     1
Armor: Scale mail        |    24 |    50 |       |       ||    74
       Plate armour      |       |    25 |   148 |    15 ||   188
Dodge: Dodged            |    25 |    34 |    55 |    18 ||   132
Block: Kite shield       |    42 |   104 |   215 |    77 ||   438
